 Dungeon Crawl Stone Soup version 0.28.0-1-gb440e238dd (webtiles) character file.

Game seed: 9589543110464646274

208 pkoi the Charlatan (level 5, -1/40 HPs)
             Began as a Draconian Artificer on Feb 22, 2022.
             Was an Initiate of Sif Muna.
             Succumbed to a hornet's poison
             ... on level 6 of the Dungeon.
             The game lasted 00:03:36 (3787 turns).

pkoi the Charlatan (Draconian Artificer)            Turns: 3787, Time: 00:03:37

Health: -1/40      AC:  6    Str: 15    XL:     5   Next: 55%
Magic:  5/5        EV: 12    Int: 13    God:    Sif Muna [......]
Gold:   155        SH:  0    Dex: 11    Spells: 4/4 levels left

rFire   . . .      SeeInvis .   g - +0 whip
rCold   . . .      Faith    .   (no shield)
rNeg    . . .      Spirit   .   (armour unavailable)
rPois   .          Reflect  .   (helmet restricted)
rElec   .          Harm     .   (no cloak)
rCorr   .          Rampage  .   h - +0 pair of gloves
Will    +....                   (no boots)
Stlth   +.........              (no amulet)
HPRegen 0.13/turn               e - ring of willpower
MPRegen 0.09/turn               (no ring)

@: brilliant, lethally poisoned (-1 -> -6), about to teleport, slowed, very slow
A: AC +5, unfitting armour, cold-blooded
a: Renounce Religion


You were on level 6 of the Dungeon.
You worshipped Sif Muna.
Sif Muna was noncommittal.
You visited 1 branch of the dungeon, and saw 5 of its levels.

You collected 155 gold pieces.

Inventory:

Hand Weapons
 a - a +0 club
 g - a +0 whip (weapon)
Missiles
 l - 9 poisoned darts
Armour
 h - a +0 pair of gloves (worn)
Jewellery
 e - a ring of willpower (left hand)
 f - a ring of resist corrosion
 j - an amulet of magic regeneration
Wands
 b - a wand of flame (13) (quivered)
 c - a wand of charming (11)
Scrolls
 i - a scroll of teleportation
Potions
 k - a potion of brilliance
Miscellaneous
 d - a piece from Xom's chessboard (12/15)


   Skills:
 - Level 1.1 Fighting
 - Level 2.1 Dodging
 - Level 0.8 Stealth
 * Level 4.1 Unarmed Combat
 + Level 4.6 Evocations


You had 4 spell levels left.
You didn't know any spells.
Your spell library contained the following spells:

 Spells                   Type           Power      Damage    Failure   Level
 Ensorcelled Hibernation  Hex/Ice        0%         N/A       43%         2
 Passwall                 Tmut/Erth      0%         N/A       43%         2
 Static Discharge         Conj/Air       0%         N/A       43%         2
 Lesser Beckoning         Tloc           0%         N/A       67%         3
 Spider Form              Tmut/Pois      0%         N/A       67%         3
 Airstrike                Air            0%         N/A       97%         4
 Anguish                  Hex/Necr       0%         N/A       97%         4
 Summon Lightning Spire   Summ/Air       0%         N/A       97%         4
 Lightning Bolt           Conj/Air       0%         1d11      100%        5
 Statue Form              Tmut/Erth      0%         N/A       100%        6
 Maxwell's Capacitive Co  Air            0%         ∞         100%        8
 Shatter                  Erth           0%         3d5*      100%        9


Dungeon Overview and Level Annotations

Branches:
Dungeon (4/15)
 Temple: D:4-7

Altars:
Sif Muna
Beogh

Shops:
D:4 [

Annotations:
D:1 1 runed translucent door
D:3 2 runed translucent doors, cookedgoose's ghost, amateur VSFi


Innate Abilities, Weirdness & Mutations

Your plain brown scales are hard. (AC +5)
You cannot fit into any form of body armour.
You are cold-blooded and may be slowed by cold attacks.


Message History

You feel sick. The hornet stings you!
* * * LOW HITPOINT WARNING * * *
You are more poisoned.
You feel yourself slow down. The hornet stings you.
* * * LOW HITPOINT WARNING * * *
You feel as though you will be slow longer.
Unknown command.
Aiming: Charm
Press: ? - help, Shift-Dir - straight line, f - hornet
Aim: a hornet (fast, misshapen and mutated, chance to affect: 61%)
The hornet resists with significant effort.
You feel very sick. The hornet closely misses you.
The hornet barely misses you. The hornet misses you.
The hornet closely misses you.
Aiming: Charm
Press: ? - help, Shift-Dir - straight line, f/p - hornet
Aim: a hornet (fast, misshapen and mutated, chance to affect: 61%)
The hornet resists with significant effort.
You feel sick.
The hornet stings you but does no damage. x2
The hornet stings you!
* * * LOW HITPOINT WARNING * * *
You are lethally poisoned!
You feel as though you will be slow longer.
Aiming: Charm
Press: ? - help, Shift-Dir - straight line, f/p - hornet
Aim: a hornet (fast, misshapen and mutated, chance to affect: 61%)
The hornet is charmed.
* * * LOW HITPOINT WARNING * * *
You feel very sick.
Unknown command.
Unknown command.
It was a potion of brilliance.
You feel clever all of a sudden.
* * * LOW HITPOINT WARNING * * *
You feel very sick.
Okay, then.
As you read the scroll of teleportation, it crumbles to dust.
You feel strangely unstable.
You die...

#...
#..
#..
#..
#.#
#.#
#.#
#@#
#y#
#.#
#.#
#.#
..#
..#
#.#


You could see a friendly hornet (charmed, fast, misshapen).

Vanquished Creatures
  An orc priest (D:3)
  An orc wizard (D:3)
  An iguana (D:3)
  6 adders
  A worm (D:2)
  A dart slug (D:1)
  3 ball pythons
  6 endoplasms
  5 goblins
  4 hobgoblins
  A quokka (D:2)
  9 bats
  3 frilled lizards
  5 kobolds
  2 rats
49 creatures vanquished.

Vanquished Creatures (collateral kills)
  An orc wizard (D:3)
1 creature vanquished.

Grand Total: 50 creatures vanquished

Notes
Turn   | Place    | Note
-------+----------+-------------------------------------------
     0 | D:1      | pkoi the Draconian Artificer began the quest for the Orb.
     0 | D:1      | Reached XP level 1. HP: 16/16 MP: 1/1
     1 | D:1      | Found a runed translucent door.
   294 | D:1      | Found a faded altar of an unknown god.
   365 | D:1      | Reached skill level 1 in Unarmed Combat
   404 | D:1      | Reached XP level 2. HP: 16/23 MP: 2/2
  1249 | D:2      | Reached XP level 3. HP: 28/28 MP: 3/3
  1382 | D:2      | Found a shimmering blue altar of Sif Muna.
  1399 | D:2      | Became a worshipper of Sif Muna the Loreminder
  2030 | D:3      | Reached XP level 4. HP: 34/35 MP: 4/4
  2131 | D:3      | Reached XP level 5. HP: 37/40 MP: 5/5
  2549 | D:3      | Found a large runed translucent door.
  2550 | D:3      | Found a large runed translucent door.
  2797 | D:3      | Got Xomen's Catalogue of Spatial Stones
  3663 | D:3      | Noticed cookedgoose's ghost (amateur VSFi)
  3775 | D:4      | Found Dera's Antique Armour Boutique.
  3779 | D:4      | You fall into a shaft and drop 2 floors!
  3779 | D:6      | Noticed a hornet
  3781 | D:6      | Paralysed by a hornet for 1 turns
  3786 | D:6      | HP: 1/40 [poisoned by a hornet]
  3787 | D:6      | Succumbed to a hornet's poison

Illustrated notes

Levels and vault maps discovered:
D:1:      dpeg_arrival_caged_fury, layout_rooms,
          hellmonk_ecumenical_altar_blasted
D:2:      layout_loops_ring, basic_altar
D:3:      layout_basic, ebering_ghost_disaster_area,
          minmay_misc_feat_more_columns, kennysheep_orc_chapel
D:4:      layout_loops_corners, amcnicky_altar_gilded, serial_forest,
          infiniplex_forest_corner_1, infiniplex_forest_clump_tiny,
          infiniplex_forest_clump_long, infiniplex_forest_clump_C,
          infiniplex_forest_diagonal, infiniplex_forest_lined_room_2,
          infiniplex_forest_clump_diagonal, infiniplex_forest_clump_diagonal,
          infiniplex_forest_lined_3_way, minmay_shop_grid_forest
D:6:      layout_basic, uniq_blork_the_orc

Skill      XL: |  1  2  3  4  5 |
---------------+----------------+-----
Unarmed Combat | 1 2 3 4 |  4.1
Evocations     | 4 |  4.6
Fighting       | |  1.1
Dodging        | |  2.1
Stealth        | |  0.8

Action                   |  1- 3 |  4- 6 || total
-------------------------+-------+-------++-------
Melee: Whip              |   113 |    89 ||   202
       Club              |     9 |       ||     9
       Tailslap          |     9 |    10 ||    19
       Punch             |     3 |     4 ||     7
Evoke: Wand              |     1 |     5 ||     6
       Piece from Xom's  |       |     4 ||     4
  Use: Scroll            |     3 |     1 ||     4
       Potion            |     3 |     1 ||     4
 Stab: Sleeping          |     3 |     3 ||     6
       Petrified         |       |     9 ||     9
Armor: Skin              |    53 |    32 ||    85
Dodge: Dodged            |    78 |    60 ||   138
